 Dungeon Crawl Stone Soup version 0.30-a0-241-g1121274140 (webtiles) character file.

Game seed: 5847959933520607939

3110 zishaf the Zephyrmancer (level 9, -4/56 HPs)
             Began as a Tengu Air Elementalist on Oct 10, 2022.
             Was a Believer of Jiyva.
             Killed from afar by a steam dragon (18 damage)
             ... with a ball of steam
             ... on level 8 of the Dungeon.
             The game lasted 00:14:58 (7351 turns).

zishaf the Zephyrmancer (Tengu Air Elementalist)    Turns: 7351, Time: 00:14:59

Health: -4/56      AC:  8    Str: 14    XL:     9   Next: 91%
Magic:  8/16       EV: 13    Int: 24    God:    Jiyva [**....]
Gold:   35         SH:  5    Dex: 13    Spells: 6/16 levels left

rFire   . . .      SeeInvis .    k - staff of air
rCold   . . .      Faith    .    u - +0 buckler
rNeg    . . .      Spirit   .    w - +3 leather armour {Will+}
rPois   .          Reflect  .    (helmet restricted)
rElec   +          Harm     .    (no cloak)
rCorr   +          Rampage  .    t - +0 pair of gloves
Will    +....                    (boots unavailable)
Stlth   ++........               (no amulet)
HPRegen 1.25/turn                p - +6 ring of strength
MPRegen 0.45/turn                (no ring)

@: flying quickly and evasively, quick
A: beak, talons 3, nimble flight, clever 1, shaggy fur 1
a: Renounce Religion


You were on level 8 of the Dungeon.
You worshipped Jiyva.
Jiyva was pleased with you.
You visited 1 branch of the dungeon, and saw 8 of its levels.
You also visited: Sewer.

You collected 188 gold pieces.
You spent 153 gold pieces at shops.

Inventory:

Missiles
 d - 3 datura-tipped darts
Armour
 h - a +1 robe of resistance
 t - a +0 pair of gloves (worn)
 u - a +0 buckler (worn)
 w - a +3 leather armour of willpower (worn)
 y - a +0 kite shield
Magical Staves
 e - a staff of poison
 k - a staff of air (weapon)
Jewellery
 n - a ring of fire
 p - a +6 ring of strength (left hand)
Wands
 c - a wand of iceblast (10)
 s - a wand of polymorph (5)
Scrolls
 j - 2 scrolls of teleportation
Potions
 a - a potion of brilliance {unknown}
 b - 2 potions of magic
 f - a potion of mutation
 g - a potion of lignification {unknown}
 i - a potion of haste {unknown}
 l - a potion of flight {unknown}
 m - a potion of might {unknown}
 o - 5 potions of curing
 q - 3 potions of heal wounds {unknown}
 r - a potion of attraction {unknown}
 v - a potion of cancellation {unknown}
 x - a potion of ambrosia {unknown}


   Skills:
 + Level 6.3 Fighting
 - Level 2.1 Dodging
 - Level 2.0 Stealth
 + Level 3.3 Shields
 - Level 4.0 Spellcasting
 + Level 8.6 Conjurations
 + Level 10.8 Air Magic
 + Level 2.8 Evocations


You had 6 spell levels left.
You knew the following spells:

 Your Spells              Type           Power      Damage    Failure   Level
a - Shock                 Conj/Air       100%       1d9       1%          1
b - Airstrike             Air            35%        2d(6-22)  1%          4
c - Swiftness             Air            71%        N/A       1%          3
A - Static Discharge      Conj/Air       100%       2-7/arc   1%          2

Your spell library contained the following spells:

 Spells                   Type           Power      Damage    Failure   Level
 Necrotise                Necr           16%        1d4       16%         1
 Ensorcelled Hibernation  Hex/Ice        8%         N/A       24%         2
 Passwall                 Tmut/Erth      3%         N/A       24%         2
 Spider Form              Tmut/Pois      4%         N/A       43%         3
 Tukima's Dance           Hex            4%         N/A       43%         3
 Vampiric Draining        Necr           4%         2d6       43%         3
 Anguish                  Hex/Necr       2%         N/A       85%         4
 Cause Fear               Hex            2%         N/A       85%         4
 Passage of Golubria      Tloc           4%         N/A       85%         4
 Agony                    Necr           4%         N/A       99%         5
 Yara's Violent Unravell  Hex/Tmut       2%         3d3       99%         5
 Dragon Form              Tmut           2%         N/A       100%        7
 Dragon's Call            Summ           2%         N/A       100%        9


Dungeon Overview and Level Annotations

Branches:
Dungeon (8/15)             Temple (0/1) D:6           Sewer (visited)
   Lair: D:8-11

Altars:
Elyvilon
Yredelemnul
Zin

Shops:
D:5 [   D:7 [[![   D:8 [


Innate Abilities, Weirdness & Mutations

You have a beak for a mouth.
You have claws for feet.
Your magical nature lets you fly swiftly and evasively.
Your mind is acute. (Int +4, Str/Dex -1)
You are covered in fur. (AC +1)


Message History

The hound is severely wounded.
The lightning grounds out.
The hound is struck by an arc of lightning.
You kill the hound!
You resist.
You are struck by an arc of lightning.
The jackal barks!
You hear a shout!
The gnoll hits you but does no damage.
A steam dragon comes into view.
The gnoll zaps a wand.
You resist with almost no effort. The steam dragon breathes steam at you.
The ball of steam hits you!
Reactivating autopickup.
The gnoll is engulfed in a cloud of scalding steam.
The gnoll dies!
Casting: Static Discharge (safe; 1% risk of failure)
Confirm with . or Enter, or press ? or * to list all spells.
Aiming: Shock (safe; 1% risk of failure)
Press: ? - help, Shift-Dir - straight line, f - gnoll
Aim: a gnoll, wielding a +0 whip (77% to hit)
You feel a surge of power!
The zap hits the gnoll.
The gnoll is lightly wounded.
Casting: Shock (safe; 1% risk of failure)
Confirm with . or Enter, or press ? or * to list all spells.
Aiming: Shock (safe; 1% risk of failure)
Press: ? - help, Shift-Dir - straight line, f/p - gnoll
Aim: a gnoll, wielding a +0 whip (lightly wounded, 77% to hit)
You feel a surge of power!
The zap hits the gnoll.
The gnoll is moderately wounded.
The steam dragon breathes steam at you.
The ball of steam hits the gnoll!
The gnoll dies!
The ball of steam hits you!!
* * * LOW HITPOINT WARNING * * *
You are engulfed in a cloud of scalding steam.
Found a ring mail.
The steam dragon breathes steam at you.
The ball of steam hits the jackal!!
The jackal dies!
The ball of steam hits you!!
You die...

#........#...#.##[##
#))...)#)§§........#
...)...)....##..#..# #
.....#.))#D.#
..#..###..
....##...##§###....#...
##..##.∩.##.§........#
#..##...##...§......##
##..#####.....§......#
#...###.......@.....#
#.....................
..........#....###.
..........#.....#
.........##.......
#............#.....
##........####.#..
##).##..### ##.# ###
##<).#


There were no monsters in sight!

Vanquished Creatures
  Pikel (D:7)
  A hornet (D:7)
  Grinder (D:5)
  Eustachio (D:5)
  Menkaure (D:6)
  2 water moccasins
  Duvessa (D:7)
  A black bear (D:5)
  2 centaurs
  A lemure (D:7)
  2 kobold brigands
  2 bullfrogs
  3 gnoll sergeants
  A scorpion (D:4)
  5 wights (D:6)
  Dowan (D:7)
  2 howler monkeys
  A jelly (Sewer)
  4 hounds
  An orc priest (D:8)
  5 iguanas
  3 orc wizards
  10 gnolls
  5 adders
  3 river rats
  An ufetubus (D:4)
  7 worms
  2 dart slugs
  15 orcs
  5 bats
  6 endoplasms
  16 giant cockroaches
  6 goblins
  6 hobgoblins
  4 jackals
  2 quokkas
  10 ball pythons
  5 frilled lizards
  12 kobolds
  12 rats
  A spectral orc (D:7)
170 creatures vanquished.

Vanquished Creatures (others)
  7 jellies
  2 orc priests (D:7)
  A hound (D:7)
  2 orc wizards
  5 gnolls
  A shadow imp (D:6)
  2 orcs (D:7)
  A jackal (D:8)
  3 kobolds
  A butterfly (D:7)
25 creatures vanquished.

Grand Total: 195 creatures vanquished

Notes
Turn   | Place    | Note
-------+----------+-------------------------------------------
     0 | D:1      | zishaf the Tengu Air Elementalist began the quest for the
                  | Orb.
     0 | D:1      | Reached XP level 1. HP: 10/10 MP: 4/4
   208 | D:1      | Reached XP level 2. HP: 14/16 MP: 1/6
   279 | D:1      | Learned a level 2 spell: Static Discharge
   520 | D:1      | Reached skill level 1 in Fighting
   555 | D:1      | You fall into a shaft and drop 1 floor!
   646 | D:1      | Reached XP level 3. HP: 20/20 MP: 4/7
   991 | D:1      | Reached skill level 5 in Air Magic
  1945 | D:2      | Reached XP level 4. HP: 25/25 MP: 5/8
  1950 | D:2      | Learned a level 4 spell: Airstrike
  2329 | D:3      | Found a glowing silver altar of Zin.
  3315 | D:4      | Gained mutation: Your magical nature lets you fly swiftly
                  | and evasively. [Tengu growth]
  3315 | D:4      | Reached XP level 5. HP: 19/30 MP: 1/9
  3398 | D:4      | Reached skill level 6 in Air Magic
  4013 | D:4      | Reached XP level 6. HP: 24/36 MP: 1/10
  4489 | D:5      | Entered Level 5 of the Dungeon
  4494 | D:5      | Gained mutation: Your spells are a little easier to cast,
                  | but a little less powerful. [potion of mutation]
  4494 | D:5      | Gained mutation: Your system is resistant to poisons.
                  | (rPois) [potion of mutation]
  4494 | D:5      | Gained mutation: You expend magic power (3 MP) to
                  | strengthen your wands. [potion of mutation]
  4497 | D:5      | Lost mutation: Your spells are a little easier to cast, but
                  | a little less powerful. [potion of mutation]
  4497 | D:5      | Lost mutation: Your system is resistant to poisons. (rPois)
                  | [potion of mutation]
  4497 | D:5      | Lost mutation: You expend magic power (3 MP) to strengthen
                  | your wands. [potion of mutation]
  4497 | D:5      | Gained mutation: You are covered in fur. (AC +1) [potion of
                  | mutation]
  4497 | D:5      | Gained mutation: Your mind is acute. (Int +4, Str/Dex -1)
                  | [potion of mutation]
  4576 | D:5      | Noticed a water moccasin
  4581 | D:5      | Killed a water moccasin
  4582 | D:5      | Reached skill level 7 in Air Magic
  4608 | D:5      | Noticed Eustachio
  4649 | D:5      | Killed Eustachio
  4650 | D:5      | Reached XP level 7. HP: 20/41 MP: 0/11
  4740 | D:5      | Reached skill level 8 in Air Magic
  4747 | D:5      | Reached skill level 5 in Conjurations
  4885 | D:5      | Found a glowing drain.
  4925 | Sewer    | Entered a sewer
  4940 | Sewer    | Learned a level 3 spell: Swiftness
  5234 | Sewer    | Found a viscous altar of Jiyva.
  5245 | Sewer    | Became a worshipper of Jiyva Jots the Shapeless
  5722 | D:5      | Found Poir's Armour Shop.
  5834 | D:5      | Noticed Grinder
  5839 | D:5      | Killed Grinder
  5840 | D:5      | Reached skill level 9 in Air Magic
  5840 | D:5      | Reached XP level 8. HP: 38/48 MP: 5/12
  6142 | D:6      | Noticed Menkaure
  6149 | D:6      | Killed Menkaure
  6211 | D:6      | Reached * piety under Jiyva
  6289 | D:6      | Found a staircase to the Ecumenical Temple.
  6340 | D:6      | Reached skill level 5 in Fighting
  6684 | D:7      | Found Iliwn's Armour Shoppe.
  6696 | D:7      | Found Jilaqet's Distillery.
  6765 | D:7      | Reached XP level 9. HP: 40/54 MP: 10/15
  6771 | D:7      | Reached skill level 1 in Shields
  6771 | D:7      | Reached skill level 10 in Air Magic
  6856 | D:7      | Found Kip Fiux's Antique Armour Shop.
  6861 | D:7      | Bought a warped robe for 153 gold pieces
  6861 | D:7      | Identified the +1 robe of Xasis {rCorr} (You bought it in a
                  | shop on level 7 of the Dungeon)
  6884 | D:7      | Noticed Pikel
  6889 | D:7      | Killed Pikel
  6890 | D:7      | Reached skill level 1 in Evocations
  6919 | D:7      | Found a white marble altar of Elyvilon.
  6920 | D:7      | Reached ** piety under Jiyva
  6959 | D:7      | Noticed Duvessa
  6959 | D:7      | Noticed Dowan
  6960 | D:7      | Found Hoiklar's Antique Armour Emporium.
  6965 | D:7      | Killed Dowan
  6966 | D:7      | Killed Duvessa
  7001 | D:7      | Noticed a hornet
  7008 | D:7      | Killed a hornet
  7191 | D:7      | Found a basalt altar of Yredelemnul.
  7297 | D:8      | Found Vob Atan's Armour Shoppe.
  7351 | D:8      | Killed from afar by a steam dragon

Illustrated notes

Levels and vault maps discovered:
D:1:      scummos_arrival_simple_crosswalls, layout_loops_ring,
          chequers_mini_garden, minmay_tetromino_o4
D:2:      layout_loops_ring, grunt_ministairs_9, roderic_serpentine_path
D:3:      layout_basic, mainiacjoe_overflow_surrounded_room,
          minmay_misc_feat_chi, hex_tiny
D:4:      layout_basic, nicolae_wormholes
D:5:      layout_basic, portal_sewer_entry_c, serial_shops, shop,
          uniq_eustachio, uniq_grinder
D:6:      layout_rooms, temple_green, uniq_menkaure
D:7:      layout_basic, nicolae_elyvilon_peaceful_grove,
          yredelemnul_forgotten_temple_becter, serial_shops, shop,
          nicolae_inconvenience_store, shop, nicolae_shop_waterfront,
          uniq_pikel, uniq_duvessa
D:8:      layout_cave_pools, nicolae_ru_great_annihilating_truth,
          erik_lair_island, serial_gnoll_camp, gnoll_camp_mini_doghouse,
          gnoll_camp_mini_hut, gnoll_camp_mini_shop, gnoll_camp_huts_basic

Skill      XL: |  1  2  3  4  5  6  7  8  9 |
---------------+----------------------------+-----
Conjurations   | 2 3 4 6 7 8 |  8.6
Fighting       | 1 2 3 4 5 6 |  6.3
Air Magic      | 5 6 7 9 10 | 10.8
Spellcasting   | 3 4 |  4.0
Shields        | 3 |  3.3
Evocations     | 2 |  2.8
Dodging        | |  2.1
Stealth        | |  2.0

Action                   |  1- 3 |  4- 6 |  7- 9 || total
-------------------------+-------+-------+-------++-------
Melee: Unarmed           |    13 |       |       ||    13
       Kick              |     4 |     3 |    11 ||    18
       Peck              |     1 |     2 |     7 ||    10
       Staff             |       |    11 |    34 ||    45
 Cast: Shock             |    90 |    76 |    30 ||   196
       Static Discharge  |       |    13 |    87 ||   100
  Use: Scroll            |       |     9 |     2 ||    11
       Potion            |       |     2 |       ||     2
 Stab: Sleeping          |       |       |     2 ||     2
Armor: Robe              |     2 |     4 |    17 ||    23
       Leather armour    |       |       |    19 ||    19
Dodge: Dodged            |    12 |    24 |   109 ||   145
Block: Buckler           |       |       |    12 ||    12

Table legend: (Time is in decaauts)
 A = Elapsed time spent in this place.
 B = Non-inter-level travel time spent in this place.
 C = Inter-level travel time spent in this place.
 D = Time resting spent in this place.
 E = Time spent auto-exploring this place.
 F = Levels seen in this place.
 G = Mean time per level.
                   A        B        C        D        E       F      G
               +--------+--------+--------+--------+--------+-----+--------+
         Total |   7098 |   6957 |    141 |    422 |   5251 |   9 |  788.7 |
       Dungeon |   6690 |   6549 |    141 |    214 |   5175 |   8 |  836.2 |
         Sewer |    407 |    407 |      0 |    208 |     75 |   1 |  407.0 |
               +--------+--------+--------+--------+--------+-----+--------+

Top non-repeatable levels by time:
     D:4: 1240 daAuts
     D:1: 1139 daAuts
     D:2: 1133 daAuts
     D:5: 985 daAuts
     D:3: 901 daAuts
     D:6: 642 daAuts
     D:7: 573 daAuts
   Sewer: 407 daAuts
     D:8: 74 daAuts
